 Dungeon Crawl Stone Soup version 0.31-a0-1159-g800acc2fd1 (webtiles) character file.

Game seed: 688835199005507290

189 GordonOverkill the Covert (level 5, 0/30 HPs)
             Began as a Spriggan Delver on Dec 8, 2023.
             Succumbed to a killer bee's poison
             ... on level 8 of the Dungeon.
             The game lasted 00:03:58 (520 turns).

GordonOverkill the Covert (Spriggan Delver)          Turns: 520, Time: 00:03:59

Health: 0/30       AC:  2    Str:  8    XL:     5   Next: 40%
Magic:  6/6        EV: 17    Int: 14    God:
Gold:   13         SH:  0    Dex: 16    Spells: 4/4 levels left

rFire   . . .        a - +0 short sword
rCold   . . .        (no shield)
rNeg    . . .        b - +0 robe
rPois   .            (helmet restricted)
rElec   .            (no cloak)
rCorr   .            (gloves unavailable)
SInv    +            (boots unavailable)
Will    +....        (no amulet)
Stlth   ++++         (no ring)
HPRegen 0.25/turn    (no ring)
MPRegen 0.10/turn

%: no passive effects
@: lethally poisoned (0 -> -3), enlightened, flying, very quick
A: very small, no large weapons, unfitting armour, see invisible, speed 3,
robust 1, screaming 1, inability to read after injury 1
a: no special abilities


You were on level 8 of the Dungeon.
You visited 1 branch of the dungeon, and saw 4 of its levels.

You collected 13 gold pieces.

Inventory:

Hand Weapons
 a - a +0 short sword (weapon)
Armour
 b - a +0 robe (worn)
Wands
 g - a wand of digging (3)
Scrolls
 c - a scroll of fog
 d - a scroll of revelation
Potions
 f - a potion of haste


   Skills:
 - Level 3.0 Fighting
 + Level 3.9 Short Blades
 - Level 3.0 Throwing
 - Level 3.0 Dodging
 - Level 8.0 Stealth


You had 4 spell levels left.
You didn't know any spells.
Your spell library was empty.

Dungeon Overview and Level Annotations

Branches:
Dungeon (8/15)
 Temple: D:4-7         Lair: D:8-11

Altars:
Dithmenos
Ru
Vehumet


Innate Abilities, Weirdness & Mutations

You are very small and have problems with some larger weapons.
You are too small for most types of armour.
You have supernaturally acute eyesight. (SInv)
You cover ground extremely quickly. (Speed+++)
You are robust. (+10% HP)
You occasionally shout uncontrollably at your foes.
You occasionally lose the ability to read scrolls when taking damage.


Message History

Aim: a killer bee (29% to hit)
You throw a curare-tipped dart.
The curare-tipped dart misses the killer bee.
The killer bee misses you. The killer bee completely misses you.
You hit the killer bee.
The killer bee is lightly wounded.
The killer bee barely misses you.
A centaur comes into view.
The killer bee closely misses you.
You closely miss the killer bee.
The killer bee is lightly wounded.
The killer bee stings you but does no damage.
Okay, then.
The killer bee attacks as it pursues you!
The killer bee stings you!
You are poisoned.
The killer bee poisons you!
You feel sick.
You feel sick. The killer bee barely misses you.
You feel sick.
The centaur wields a +2 shortbow of flaming.
It bursts into flame!
The centaur shoots an arrow.
The arrow hits you!
* * * LOW HITPOINT WARNING * * *
The arrow burns you.
* * * LOW HITPOINT WARNING * * *
It was a potion of enlightenment.
You feel very buoyant.
You fly up into the air.
* * * LOW HITPOINT WARNING * * *
You feel sick. The killer bee closely misses you. x2
It was a potion of mutation.
You feel extremely strange.
You feel robust.
You feel the urge to shout.
You occasionally lose the ability to read scrolls when taking damage.
* * * LOW HITPOINT WARNING * * *
You feel sick. The killer bee closely misses you.
The centaur shoots an arrow.
The arrow misses you. The killer bee stings you.
* * * LOW HITPOINT WARNING * * *
* * * LOW HITPOINT WARNING * * *
You feel sick.
The centaur throws a stone.
The stone closely misses you.
You die...

#.# #.# #.# #.# #.# #.# #
#.######### #.#
.################.........###.#
.......................##.#...#
...#########.....#####.##.#.###
.#...............# #.##.#.#
.#.########.....@# #....#.#
#.########......# ######.#
#.............y.# #.#
##########......# #.#
#######......# #.#
##............# #.#
........c.....# #.#
....###(.>.#### #.# ..# .#...#
#.#


You could see a centaur and a killer bee.

Vanquished Creatures
  A centaur (D:7)
  An ogre (D:7)
  An orc wizard (D:7)
  2 orcs (D:7)
5 creatures vanquished.

Notes
Turn   | Place    | Note
-------+----------+-------------------------------------------
     0 | D:5      | GordonOverkill the Spriggan Delver began the quest for the
                  | Orb.
     0 | D:5      | Reached XP level 1. HP: 11/11 MP: 2/2
    69 | D:7      | Noticed a centaur
    84 | D:7      | Killed a centaur
    85 | D:7      | Reached XP level 2. HP: 10/16 MP: 3/3
    85 | D:7      | Reached XP level 3. HP: 12/19 MP: 4/4
    85 | D:7      | Reached XP level 4. HP: 14/23 MP: 5/5
   140 | D:7      | Found a radiant altar of Vehumet.
   140 | D:7      | Found a sacrificial altar of Ru.
   164 | D:7      | Found a shadowy altar of Dithmenos.
   219 | D:7      | Noticed an ogre
   372 | D:7      | Noticed a bullfrog
   396 | D:7      | Killed an ogre
   397 | D:7      | Reached skill level 8 in Stealth
   397 | D:7      | Reached XP level 5. HP: 28/28 MP: 6/6
   511 | D:8      | Noticed a centaur
   518 | D:8      | Gained mutation: You are robust. (+10% HP) [potion of
                  | mutation]
   518 | D:8      | Gained mutation: You occasionally shout uncontrollably at
                  | your foes. [potion of mutation]
   518 | D:8      | Gained mutation: You occasionally lose the ability to read
                  | scrolls when taking damage. [potion of mutation]
   519 | D:8      | HP: 1/30 [poisoned by a killer bee]
   520 | D:8      | Succumbed to a killer bee's poison

Illustrated notes

Levels and vault maps discovered:
D:5:      layout_loops_cross, kennysheep_decorative_pillar, minmay_crossroads,
          uniq_pikel
D:6:      layout_cave_pools, slow_altar_2, serial_gnoll_camp,
          gnoll_camp_huts_basic, gnoll_camp_mini_hut, gnoll_camp_mini_loothouse,
          gnoll_camp_mini_sergeant, minmay_misc_feat_plants
D:7:      layout_basic, nicolae_overflow_hidden_temple, nemelex_altar_shiori,
          serial_glass, glass_columns_a, glass_columns_a, serial_shops,
          kennysheep_mini_moat, chequers_decorated_corner,
          kennysheep_crisscross, uniq_menkaure
D:8:      minmay_the_grid_triangle_9x9_recursive_2
          [minmay_the_grid_triangle_9x9_prize_top_heavy,
          minmay_the_grid_triangle_9x9_windchime,
          minmay_the_grid_triangle_9x9_shrine,
          minmay_the_grid_triangle_9x9_cache], layout_basic, led_sif_pool,
          enter_bailey_2, nicolae_shop_i_like_big_books, uniq_erica

Skill      XL: |  1  2  3  4 |
---------------+-------------+-----
Throwing       | 3 |  3.0
Fighting       | 3 |  3.0
Short Blades   | 3 |  3.9
Dodging        | 3 |  3.0
Stealth        | 8 |  8.0

Action                     |  1- 3 |  4- 6 || total
---------------------------+-------+-------++-------
  Melee: Short sword       |    11 |    19 ||    30
         Punch             |       |     1 ||     1
  Throw: Dart              |     2 |     8 ||    10
    Use: Scroll            |       |     1 ||     1
         Potion            |       |     2 ||     2
 Armour: Robe              |     5 |    10 ||    15
  Dodge: Dodged            |    21 |    19 ||    40

Table legend: (Time is in decaauts)
 A = Elapsed time spent in this place.
 B = Non-inter-level travel time spent in this place.
 C = Inter-level travel time spent in this place.
 D = Time resting spent in this place.
 E = Time spent auto-exploring this place.
 F = Levels seen in this place.
 G = Mean time per level.
                   A        B        C        D        E       F      G
               +--------+--------+--------+--------+--------+-----+--------+
         Total |    371 |    356 |     15 |    101 |      0 |   4 |   92.8 |
       Dungeon |    371 |    356 |     15 |    101 |      0 |   4 |   92.8 |
               +--------+--------+--------+--------+--------+-----+--------+

Top non-repeatable levels by time:
     D:7: 281 daAuts
     D:8: 63 daAuts
     D:6: 23 daAuts
     D:5: 3 daAuts
